 Dungeon Sprint DCSS version 0.28-a0-1435-g82390b3a13 (webtiles) character file.

Game seed: 16206416280387748155

8198 mhtbhm the Severer (level 11, -11/169 HPs)
             Began as a Minotaur Berserker on Jan 9, 2022.
             Was the Champion of Trog.
             Succumbed to poison (dark miasma)
             ... in the Dungeon (Sprint III: "The Ten Rune Challenge").
             The game lasted 00:03:28 (2440 turns).

mhtbhm the Severer (Minotaur Berserker)             Turns: 2440, Time: 00:03:29

Health: -11/169    AC: 18    Str: 29    XL:     11   Next: 6%
Magic:  10/10      EV: 13    Int:  4    God:    Trog [******]
Gold:   33         SH:  0    Dex: 13    Spells: 10/10 levels left

rFire   . . .      SeeInvis .   a - +7 war axe "Wuygisi" {vorpal, Str+4}
rCold   . . .      Faith    .   (no shield)
rNeg    . . .      Spirit   .   b - +0 chain mail
rPois   .          Reflect  .   (helmet restricted)
rElec   .          Harm     .   j - +0 cloak
rCorr   .          Rampage  .   (no gloves)
Will    .....      NoTele   +   (no boots)
Stlth   ..........              (no amulet)
HPRegen 0.38/turn               (no ring)
MPRegen 0.12/turn               (no ring)

@: berserking (expiring), lethally poisoned (-11 -> -72), slowed, unable to read
A: horns 2, retaliatory headbutt, iridescent scales 1, agile 1, subdued magic 1,
inability to read while threatened
a: Renounce Religion, Berserk, Trog's Hand, Brothers in Arms


You were in the Dungeon.
You worshipped Trog.
Trog was exalted by your worship.
You visited 1 branch You collected 33 gold pieces.

Inventory:

Hand Weapons
 a - the +7 war axe "Wuygisi" (weapon) {vorpal, Str+4}
   (Trog gifted it to you in the Dungeon)

   It inflicts extra damage upon your enemies.
   Str:       It affects your strength (+4).
 t - a +1 battleaxe of flaming
Missiles
 s - 6 javelins (quivered)
Armour
 b - a +0 chain mail (worn)
 j - a +0 cloak (worn)
Wands
 k - a wand of iceblast (9)
 r - a wand of paralysis (13)
Scrolls
 h - a scroll of blinking
 l - a scroll of holy word {unknown}
 m - a scroll of fear {unknown}
 o - a scroll of immolation {unknown}
 p - a scroll of identify {unknown}
Potions
 c - a potion of curing
 d - 2 potions of heal wounds
 e - a potion of haste
 f - 2 potions of magic
 g - a potion of berserk rage
 i - 4 potions of flight
 n - a potion of cancellation {unknown}
Miscellaneous
 q - a phial of floods


   Skills:
 + Level 15.6 Fighting
 + Level 20.3 Axes
 + Level 17.3 Armour
 + Level 8.3 Dodging
 + Level 2.6 Stealth


You had 10 spell levels left.
You didn't know any spells.
Your spell library was empty.

Dungeon Overview and Level Annotations

Branches:
Dungeon (1/1)

Altars:
Cheibriados
Dithmenos
Elyvilon
Fedhas
Gozag
Hepliaklqana
Kikubaaqudgha
Makhleb
Nemelex Xobeh
Okawaru
Qazlal
Ru
Sif Muna
Trog
Uskayaw
Vehumet
Wu Jian
Xom
Yredelemnul
Zin
The Shining One
Beogh
Jiyva
Lugonu


Innate Abilities, Weirdness & Mutations

You have a pair of horns on your head.
You reflexively headbutt those who attack you in melee.
You are partially covered in iridescent scales. (AC +2)
You are agile. (Dex +2)
Your spells are a little easier to cast, but a little less powerful.
You sometimes lose the ability to read scrolls when taking damage.


Message History

The death drake is heavily wounded.
You are engulfed in dark miasma.
You are more poisoned.
* * * LOW HITPOINT WARNING * * *
You feel extremely sick. The death drake bites you.
* * * LOW HITPOINT WARNING * * *
The death drake bites you but does no damage.
You feel better.
The death drake bites you but does no damage. x2
Unknown command.
A red film seems to cover your vision as you go berserk!
You feel yourself moving faster!
You feel mighty!
The death drake closely misses you. x2; You furiously retaliate!
You headbutt the death drake! You closely miss the death drake.
Your headbutt misses the death drake.
The death drake is severely wounded.
The death drake breathes miasma at you. The foul vapour engulfs you!
You are poisoned.
* * * LOW HITPOINT WARNING * * *
You slice the death drake!!
You kill the death drake!
Trog accepts your kill. Trog grants you a weapon!
Something appears at your feet!
You see here the +1 broad axe of Demand {vorpal, Will+ rCorr Str-4}.
You are engulfed in dark miasma.
You are lethally poisoned!
* * * LOW HITPOINT WARNING * * *
x2 You feel extremely sick.
You are engulfed in dark miasma.
You are more poisoned.
* * * LOW HITPOINT WARNING * * *
x2 You feel extremely sick.
You feel a strong urge to attack something.
You are engulfed in dark miasma.
You are more poisoned.
* * * LOW HITPOINT WARNING * * *
You die...

♣♣♣♣♣♣#..♣♣ ♣♣♣##+#
###'♣♣♣♣♣♣♣♣♣♣♣♣♣♣♣
♣♣♣♣.##..##≈≈≈≈≈≈..#
♣...##.##.#≈≈≈≈≈...#
♣♣.##.##)##†≈≈≈≈≈####
♣..#†##...#≈≈.....○$
♣♣.##)##..#°°°+####
♣♣.##.#####°°.#
♣.....##@°○°°.#
########+######


There were no monsters in sight!

Vanquished Creatures
  Erolcha (D)
  2 hydras (D)
  Urug (D)
  A death drake (D)
  A lindwurm (D)
  A deep elf pyromancer (D)
  2 cane toads (D)
  A komodo dragon (D)
  A rime drake (D)
  3 wandering mushrooms (D)
  2 tyrant leeches (D)
  A shadow (D)
  5 redbacks (D)
  A spatial vortex (D)
  A swamp drake (D)
  A necrophage (D)
  5 two-headed ogres (D)
  A water elemental (D)
  An electric eel (D)
  A jelly (D)
  Crazy Yiuf (D)
  Jessica (D)
  A wizard (D)
  A necromancer (D)
  3 humans (D)
  A kobold demonologist (D)
  2 endoplasms (D)
43 creatures vanquished.

Notes
Turn   | Place    | Note
-------+----------+-------------------------------------------
     0 | D        | mhtbhm the Minotaur Berserker began the quest for the Orb.
     0 | D        | Reached XP level 1. HP: 19/19 MP: 0/0
    12 | D        | Reached skill level 4 in Axes
   200 | D        | Noticed Jessica
   206 | D        | Killed Jessica
   206 | D        | Reached ** piety under Trog
   207 | D        | Reached skill level 5 in Fighting
   207 | D        | Reached skill level 5 in Axes
   207 | D        | Reached XP level 2. HP: 13/29 MP: 1/1
   207 | D        | Reached XP level 3. HP: 16/36 MP: 2/2
   415 | D        | Noticed Crazy Yiuf
   418 | D        | Killed Crazy Yiuf
   419 | D        | Reached skill level 6 in Axes
   426 | D        | Reached skill level 7 in Axes
   426 | D        | Reached XP level 4. HP: 45/45 MP: 3/3
   459 | D        | Gained mutation: You are frail. (-10% HP) [potion of
                  | mutation]
   459 | D        | Gained mutation: Your spells are a little harder to cast,
                  | but a little more powerful. [potion of mutation]
   462 | D        | Lost mutation: Your spells are a little harder to cast, but
                  | a little more powerful. [potion of mutation]
   462 | D        | Lost mutation: You are frail. (-10% HP) [potion of
                  | mutation]
   462 | D        | Gained mutation: You sometimes lose the ability to read
                  | scrolls when taking damage. [potion of mutation]
   462 | D        | Gained mutation: Your spells are a little easier to cast,
                  | but a little less powerful. [potion of mutation]
   462 | D        | Gained mutation: You are agile. (Dex +2) [potion of
                  | mutation]
   462 | D        | Gained mutation: You are partially covered in iridescent
                  | scales. (AC +2) [potion of mutation]
   495 | D        | Noticed a water elemental
   501 | D        | Killed a water elemental
   502 | D        | Reached skill level 8 in Axes
   502 | D        | Reached skill level 5 in Armour
   562 | D        | Found a basalt altar of Yredelemnul.
   562 | D        | Found a shadowy altar of Dithmenos.
   562 | D        | Found a sacrificial altar of Ru.
   562 | D        | Noticed a necrophage
   565 | D        | Reached *** piety under Trog
   566 | D        | Reached skill level 1 in Stealth
   566 | D        | Reached XP level 5. HP: 53/53 MP: 4/4
   579 | D        | Killed a necrophage
   580 | D        | Reached skill level 10 in Axes
   681 | D        | Found a radiant altar of Vehumet.
   681 | D        | Found a shimmering blue altar of Sif Muna.
   681 | D        | Found an ancient bone altar of Kikubaaqudgha.
   689 | D        | Reached XP level 6. HP: 62/63 MP: 5/5
   691 | D        | Reached **** piety under Trog
   722 | D        | Found a hide-covered altar of Uskayaw.
   722 | D        | Found an iron altar of Okawaru.
   722 | D        | Found a bloodstained altar of Trog.
   722 | D        | Found an ornate altar of the Wu Jian Council.
   722 | D        | Noticed a human
   723 | D        | Noticed a human
   729 | D        | Killed a human
   730 | D        | Reached skill level 10 in Fighting
   730 | D        | Reached skill level 11 in Axes
   735 | D        | Killed a human
   736 | D        | Reached skill level 12 in Axes
   736 | D        | Reached skill level 5 in Dodging
   736 | D        | Reached XP level 7. HP: 63/73 MP: 6/6
   822 | D        | Found a glowing silver altar of Zin.
   822 | D        | Found a glowing golden altar of the Shining One.
   822 | D        | Found a white marble altar of Elyvilon.
   823 | D        | Noticed a deep elf pyromancer
   831 | D        | Killed a deep elf pyromancer
   831 | D        | Reached ***** piety under Trog
   832 | D        | Reached skill level 13 in Axes
   832 | D        | Reached skill level 10 in Armour
   969 | D        | Noticed a shadow
   977 | D        | Reached XP level 8. HP: 43/82 MP: 7/7
   981 | D        | Reached skill level 14 in Axes
  1140 | D        | Found a blossoming altar of Fedhas.
  1140 | D        | Found a stormy altar of Qazlal.
  1140 | D        | Found a snail-covered altar of Cheibriados.
  1140 | D        | Found a burning altar of Makhleb.
  1140 | D        | Found a shimmering altar of Xom.
  1141 | D        | Found a hazy altar of Hepliaklqana.
  1141 | D        | Found an opulent altar of Gozag.
  1141 | D        | Found a sparkling altar of Nemelex Xobeh.
  1141 | D        | Found a corrupted altar of Lugonu.
  1141 | D        | Found a viscous altar of Jiyva.
  1251 | D        | Received a gift from Trog
  1252 | D        | Reached skill level 15 in Axes
  1294 | D        | Noticed a two-headed ogre
  1311 | D        | Killed a two-headed ogre
  1379 | D        | Noticed Erolcha
  1379 | D        | Noticed a two-headed ogre
  1385 | D        | Killed Erolcha
  1386 | D        | Reached skill level 16 in Axes
  1386 | D        | Reached XP level 9. HP: 92/92 MP: 8/8
  1389 | D        | Killed a two-headed ogre
  1448 | D        | Reached skill level 17 in Axes
  1621 | D        | Noticed a wandering mushroom
  1625 | D        | Noticed a wandering mushroom
  1627 | D        | Noticed a wandering mushroom
  1629 | D        | Killed a wandering mushroom
  1635 | D        | Killed a wandering mushroom
  1731 | D        | Noticed a cane toad
  1731 | D        | Noticed a komodo dragon
  1731 | D        | Noticed a cane toad
  1736 | D        | Killed a cane toad
  1742 | D        | Killed a cane toad
  1742 | D        | Reached ****** piety under Trog
  1742 | D        | Identified the +7 war axe "Wuygisi" {vorpal, Str+4} (Trog
                  | gifted it to you in the Dungeon)
  1742 | D        | Received a gift from Trog
  1743 | D        | Reached skill level 18 in Axes
  1743 | D        | Reached XP level 10. HP: 102/102 MP: 9/9
  1752 | D        | Reached skill level 15 in Armour
  2034 | D        | Reached skill level 19 in Axes
  2087 | D        | Noticed a lindwurm
  2090 | D        | Killed a lindwurm
  2090 | D        | Received a gift from Trog
  2101 | D        | Noticed Urug
  2105 | D        | Killed Urug
  2239 | D        | Noticed a seven-headed hydra
  2239 | D        | Noticed a seven-headed hydra
  2247 | D        | Killed a five-headed hydra
  2248 | D        | Reached skill level 15 in Fighting
  2253 | D        | Killed a five-headed hydra
  2254 | D        | Reached skill level 20 in Axes
  2258 | D        | Reached XP level 11. HP: 92/113 MP: 10/10
  2430 | D        | Noticed a death drake
  2438 | D        | Killed a death drake
  2438 | D        | Identified the +1 broad axe of Demand {vorpal, Will+ rCorr
                  | Str-4} (Trog gifted it to you in the Dungeon)
  2438 | D        | Received a gift from Trog
  2439 | D        | HP: 4/169 [poison (dark miasma)]
  2440 | D        | Succumbed to poison (dark miasma)

Illustrated notes

Levels and vault maps discovered:
D:        dungeon_sprint_mu [sprint_mu_entry_cave, sprint_mu_temple_rooms,
          sprint_mu_d1_spiders, sprint_mu_d2_genie, sprint_mu_d3_branching,
          sprint_mu_orc_legion, sprint_mu_elf_gauntlet, sprint_mu_hive_nellie,
          sprint_mu_lair_fedhas, sprint_mu_vaults_butterflies,
          sprint_mu_slime_circle, sprint_mu_shoals_kraken,
          sprint_mu_snake_twists, sprint_mu_blade_basic,
          sprint_mu_crypt_chambers, sprint_mu_tomb_spiral,
          sprint_mu_vestibule_basic, sprint_mu_gehenna_hellfire,
          sprint_mu_dis_giant, sprint_mu_tartarus_statrot,
          sprint_mu_cocytus_islands, sprint_mu_zot1]

Skill      XL: |  1  2  3  4  5  6  7  8  9 10 |
---------------+-------------------------------+-----
Fighting       | 5 6 8 9 10 11 12 13 15 | 15.6
Axes           | 5 7 8 10 12 13 16 18 20 | 20.3
Armour         | 3 4 5 6 8 10 13 14 17 | 17.3
Dodging        | 3 4 5 6 7 8 |  8.3
Stealth        | 1 2 |  2.6

Action                   |  1- 3 |  4- 6 |  7- 9 | 10-12 || total
-------------------------+-------+-------+-------+-------++-------
Melee: Hand axe          |    15 |    43 |    35 |       ||    93
       Headbutt          |     3 |     5 |    15 |     8 ||    31
       Battleaxe         |       |       |    29 |    19 ||    48
       War axe           |       |       |       |    34 ||    34
Invok: Berserk           |     2 |     2 |     5 |     3 ||    12
  Use: Potion            |       |     2 |       |     1 ||     3
 Stab: Sleeping          |     1 |       |       |       ||     1
Armor: Chain mail        |     1 |    10 |     8 |    25 ||    44
Dodge: Dodged            |     2 |    10 |    30 |    21 ||    63

Table legend: (Time is in decaauts)
 A = Elapsed time spent in this place.
 B = Non-inter-level travel time spent in this place.
 C = Inter-level travel time spent in this place.
 D = Time resting spent in this place.
 E = Time spent auto-exploring this place.
 F = Levels seen in this place.
 G = Mean time per level.
                   A        B        C        D        E       F      G
               +--------+--------+--------+--------+--------+-----+--------+
         Total |   2514 |   2494 |     20 |   1772 |    173 |   1 | 2514.0 |
       Dungeon |   2514 |   2494 |     20 |   1772 |    173 |   1 | 2514.0 |
               +--------+--------+--------+--------+--------+-----+--------+

Top non-repeatable levels by time:
       D: 2514 daAuts
